 Dungeon Crawl Stone Soup version 0.31-a0-233-g139696dc86 (webtiles) character file.

Game seed: 16817449392215346968

100 qw the Shooter (level 4, -1/36 HPs)
             Began as a Minotaur Hexslinger on July 9, 2023.
             Succumbed to an adder's poison
             ... on level 2 of the Dungeon.
             The game lasted 00:00:29 (1133 turns).

qw the Shooter (Minotaur Hexslinger)                Turns: 1133, Time: 00:00:30

Health: -1/36      AC:  5    Str: 15    XL:     4   Next: 47%
Magic:  4/4        EV: 12    Int: 10    God:
Gold:   125        SH:  0    Dex: 15    Spells: 4/5 levels left

rFire   . . .        Y - +1 sling
rCold   . . .        (no shield)
rNeg    . . .        a - +0 leather armour
rPois   .            (helmet restricted)
rElec   .            (no cloak)
rCorr   .            b - +1 pair of gloves {Str+3}
SInv    .            (no boots)
Will    .....        (no amulet)
Stlth   +            (no ring)
HPRegen 0.26/turn    (no ring)
MPRegen 0.09/turn

%: no passive effects
@: lethally poisoned (-1 -> -11)
A: horns 2, retaliatory headbutt
a: no special abilities


You were on level 2 of the Dungeon.
You visited 1 branch of the dungeon, and saw 2 of its levels.

You collected 125 gold pieces.


Innate Abilities, Weirdness & Mutations

You have a pair of horns on your head.
You reflexively headbutt those who attack you in melee.


   Skills:
 - Level 2.2 Fighting
 + Level 4.9 Ranged Weapons
 - Level 2.1 Dodging
 - Level 1.0 Spellcasting
 - Level 2.0 Hexes


You had 4 spell levels left.
You knew the following spells:

 Your Spells              Type           Power      Damage    Failure   Level
a - Slow                  Hex            16%        N/A       19%         1

Your spell library contained the following spells:

 Spells                   Type           Power      Damage    Failure   Level
 Inner Flame              Hex/Fire       2%         N/A       63%         3
 Portal Projectile        Hex/Tloc       4%         N/A       63%         3
 Cause Fear               Hex            2%         N/A       88%         4

Inventory:

Hand Weapons
 Y - a +1 sling (weapon)
Armour
 a - a +0 leather armour (worn)
 b - a +1 pair of gloves of strength (worn)
Jewellery
 f - a ring of magical power
Scrolls
 d - a scroll of enchant weapon {unknown}
 g - a scroll of identify
Potions
 c - a potion of might
 e - a potion of enlightenment {unknown}

Dungeon Overview and Level Annotations

Branches:
Dungeon (2/15)

Altars:
Dithmenos


Message History

You headbutt Terence!
You kill Terence!
You shoot a sling bullet.
The sling bullet barely misses the adder.
The adder barely misses you. The adder bites you but does no damage.
You shoot a sling bullet.
The sling bullet barely misses the adder.
The adder bites you but does no damage. x2
You shoot a sling bullet.
The sling bullet barely misses the adder.
The adder bites you but does no damage.
You shoot a sling bullet. The sling bullet hits the adder.
The adder is lightly wounded.
The adder misses you.
You shoot a sling bullet. The sling bullet hits the adder.
The adder is lightly wounded.
The adder closely misses you. The adder bites you but does no damage.
You shoot a sling bullet. The sling bullet misses the adder.
The adder closely misses you. The adder bites you.
You are poisoned.
The adder poisons you!
You shoot a sling bullet.
The sling bullet barely misses the adder.
You feel sick. The adder bites you.
You are more poisoned.
The adder poisons you!
You shoot a sling bullet.
The sling bullet barely misses the adder.
You feel very sick. The adder bites you.
You are more poisoned.
The adder poisons you! The adder misses you.
You shoot a sling bullet. The sling bullet hits the adder.
The adder is severely wounded.
You feel very sick. The adder barely misses you. You furiously retaliate!
You headbutt the adder, but do no damage.
You shoot a sling bullet.
The sling bullet closely misses the adder.
You die...

........###.###.#
..)....#.##.##.##
.......##.(...##
.......###...###########
#......##.....##........
#......#.##.##.#........
#.......###.###.........
#......## #.#...........
#......# #.#.##@.......
#......# #.#...S)......
#......# #..............
######## #..............
#.............#
#.............#
#.....#........
#.....#........


You could see an adder.

Vanquished Creatures
  Terence (D:2)
  4 adders (D:2)
  2 dart slugs (D:1)
  7 ball pythons
  3 endoplasms
  A giant cockroach (D:2)
  5 hobgoblins
  A kobold (D:2)
  2 quokkas (D:2)
  6 bats
  2 frilled lizards
  2 rats
36 creatures vanquished.

Notes
Turn   | Place    | Note
-------+----------+-------------------------------------------
     0 | D:1      | qw the Minotaur Hexslinger began the quest for the Orb.
     0 | D:1      | Reached XP level 1. HP: 16/16 MP: 1/1
     0 | D:1      | 0 ||| qw: Version: 0.3-a-51-g015441d
     0 | D:1      | 0 ||| qw: Game counter: 4025
     0 | D:1      | 0 ||| qw: Melee chars always use a shield: true
     0 | D:1      | 0 ||| qw: God list: Okawaru
     0 | D:1      | 0 ||| qw: Allow faded altars: false
     0 | D:1      | 0 ||| qw: Do Orc after clearing Dungeon:15 true
     0 | D:1      | 0 ||| qw: Do second Lair branch before Depths: true
     0 | D:1      | 0 ||| qw: Lair rune preference: random
     0 | D:1      | 0 ||| qw: Goals: Normal
     0 | D:1      | 0 ||| PLANNING D:1-11
    41 | D:1      | You fall into a shaft and drop 1 floor!
    54 | D:2      | Found a faded altar of an unknown god.
    64 | D:2      | Reached skill level 3 in Ranged Weapons
    64 | D:2      | Reached XP level 2. HP: 22/23 MP: 2/2
   113 | D:2      | Found a shadowy altar of Dithmenos.
   163 | D:2      | Reached XP level 3. HP: 23/29 MP: 3/3
   246 | D:2      | 246 ||| READING scroll labelled PICURE LOIPE.
   247 | D:2      | 247 ||| READING scroll labelled POEROY ZOIJOO.
   248 | D:2      | 248 ||| READING scroll labelled XUGOUB CEPIK.
   249 | D:2      | 249 ||| DROPPING scroll of poison.
   793 | D:1      | 793 ||| UPGRADING to +0 leather armour.
   803 | D:1      | 803 ||| DROPPING +0 robe.
   804 | D:1      | 804 ||| READING scroll labelled IGGONI QERUZI.
   805 | D:1      | 805 ||| READING scroll labelled KUXIWN UGHEUGE.
   805 | D:1      | Identified a scroll of acquirement
   805 | D:1      | 805 ||| ACQUIRING +1 pair of gloves of strength
   805 | D:1      | Acquired a +1 pair of gloves of strength
   807 | D:1      | 807 ||| UPGRADING to +1 pair of gloves of strength.
   812 | D:1      | 812 ||| READING scroll labelled BIGEMOU HOYS.
   860 | D:2      | Reached skill level 4 in Ranged Weapons
  1072 | D:2      | Reached XP level 4. HP: 36/36 MP: 4/4
  1110 | D:2      | Noticed Terence
  1123 | D:2      | Killed Terence
  1131 | D:2      | HP: 7/36 [poisoned by an adder]
  1132 | D:2      | HP: 1/36 [poisoned by an adder]
  1133 | D:2      | Succumbed to an adder's poison

Levels and vault maps discovered:
D:1:      dpeg_arrival_shrine, layout_rooms
D:2:      layout_basic, basic_altar, nicolae_ecumenical_snake_handling,
          hex_intersection, grunt_ministairs_11, kennysheep_generic_room_3,
          uniq_terence

Skill      XL: |  1  2  3 |
---------------+----------+-----
Ranged Weapons | 3 4 |  4.9
Fighting       | 2 |  2.2
Dodging        | |  2.1
Spellcasting   | |  1.0
Hexes          | |  2.0

Action                     |  1- 3 |  4- 6 || total
---------------------------+-------+-------++-------
   Fire: Sling             |   100 |    28 ||   128
    Use: Scroll            |     6 |       ||     6
 Armour: Robe              |     6 |       ||     6
         Leather armour    |     6 |    12 ||    18
  Dodge: Dodged            |    31 |    15 ||    46

Table legend:
 A = Non-vault XP
 B = Vault XP
 C = Vault XP percentage of total XP
 D = Non-vault monster count
 E = Vault monster count
 F = Vault count percentage of total count
                 A         B        C        D         E       F
            +---------+---------+-------+---------+---------+-------
      Total |      82 |      62 |  43.1 |      27 |       9 |  25.0
            +---------+---------+-------+---------+---------+-------
        D:1 |      28 |       0 |   0.0 |      16 |       0 |   0.0
        D:2 |      54 |      62 |  53.4 |      11 |       9 |  45.0
            +---------+---------+-------+---------+---------+-------
